 Dungeon Crawl Stone Soup version 0.20.1-1-g8b1a95d (webtiles) character file.

54 polve the Slasher (level 3, 0/27 HPs)
             Began as a Demonspawn Gladiator on July 13, 2017.
             Succumbed to an adder's poison
             ... on level 2 of the Dungeon.
             The game lasted 00:01:11 (1313 turns).

polve the Slasher (Demonspawn Gladiator)            Turns: 1313, Time: 00:01:12

Health: 0/27       AC:  6    Str: 15    XL:     3   Next: 66%
Magic:  0/3        EV: 12    Int:  9    God:
Gold:   70         SH:  0    Dex: 14    Spells: 2/2 levels left

rFire    . . .     SeeInvis .   (no weapon)
rCold    . . .     Gourm    .   (no shield)
rNeg     . . .     Faith    .   b - +0 leather armour
rPois    .         Spirit   +   c - +0 helmet
rElec    .         Reflect  .   (no cloak)
rCorr    .         Harm     .   l - -1 pair of gloves (curse)
MR       .....                  (no boots)
Stlth    +.........             (no amulet)
Regen    0.1/turn               (no ring)
MPRegen  0.1/turn               (no ring)

@: lethally poisoned (0 -> -13)
A: molten scales 1, magic shield
a: no special abilities


You were on level 2 of the Dungeon.
You were not hungry.

You visited 1 branch of the dungeon, and saw 2 of its levels.

You collected 70 gold pieces.

Inventory:

Missiles
 d - 3 throwing nets (quivered)
Armour
 b - a +0 leather armour (worn)
 c - a +0 helmet (worn)
 l - a cursed -1 pair of gloves (worn)
Scrolls
 e - 3 scrolls of remove curse {unknown}
 h - 3 scrolls of identify {unknown}
Potions
 i - a potion of heal wounds {unknown}
Books
 k - a book of Death

   Spells                             Type                      Level
   a - Corpse Rot                     Necromancy                   2
   b - Sublimation of Blood           Necromancy                   2
   c - Agony                          Necromancy                   5
   d - Dispel Undead                  Necromancy                   5
   e - Excruciating Wounds            Charms/Necromancy            5
   f - Bolt of Draining               Conjuration/Necromancy       5
Comestibles
 f - a bread ration
 j - a chunk of flesh


   Skills:
 - Level 2.0 Fighting
   Level 4.2 Long Blades
 + Level 1.7 Throwing
 - Level 2.6 Dodging


You had 2 spell levels left.
You didn't know any spells.

Dungeon Overview and Level Annotations

Branches:
Dungeon (2/15)

Altars:
The Shining One


Innate Abilities, Weirdness & Mutations

You are partially covered in molten scales. (AC +2)
When hurt, damage is shared between your health and your magic reserves.


Message History

You feel sick. The adder bites you but does no damage.
The adder barely misses you.
You feel sick. The adder bites you but does no damage.
The adder closely misses you. The adder bites you.
* * * LOW HITPOINT WARNING * * *
You are lethally poisoned!
The adder poisons you!
* * * LOW HITPOINT WARNING * * *
You feel sick. The adder bites you.
* * * LOW HITPOINT WARNING * * *
You are more poisoned.
The adder poisons you!
* * * LOW HITPOINT WARNING * * *
You feel sick. The adder bites you.
* * * LOW HITPOINT WARNING * * *
The adder closely misses you.
* * * LOW HITPOINT WARNING * * *
You feel sick. The adder bites you but does no damage.
You die...

####...###.###.####
............#
#.####
###.#....####
#.....
#.#.##.######..###
#.#......()....#
#......#######.#
########..# #.#
#...####..# #.#
#.@[....# #.#
#..S####### #.#
#.... #.# #.#.. #
#.. #.. #.. #..


You could see an adder.

Vanquished Creatures
  2 adders (D:2)
  An ooze (D:2)
  2 dart slugs (D:1)
  2 leopard geckos
  3 bats
  2 giant cockroaches
  3 hobgoblins (D:1)
  A quokka (D:2)
  4 frilled lizards
  4 goblins
  2 kobolds
  2 rats
28 creatures vanquished.

Notes
Turn   | Place    | Note
-------+----------+-------------------------------------------
     0 | D:1      | polve the Demonspawn Gladiator began the quest for the Orb.
     0 | D:1      | Reached XP level 1. HP: 16/16 MP: 1/1
    65 | D:1      | Reached skill level 3 in Long Blades
   168 | D:1      | Gained mutation: When hurt, damage is shared between your health and your magic reserves. [demonic ancestry]
   168 | D:1      | Reached XP level 2. HP: 11/22 MP: 2/2
   749 | D:2      | Gained mutation: You are partially covered in molten scales. (AC +2) [demonic ancestry]
   749 | D:2      | Reached XP level 3. HP: 10/27 MP: 0/3
  1167 | D:2      | Reached skill level 4 in Long Blades
  1251 | D:2      | Found a glowing golden altar of the Shining One.
  1311 | D:2      | HP: 1/27 [adder (2)]
  1313 | D:2      | Succumbed to an adder's poison

Skill      XL: |  1  2  3 |
---------------+----------+-----
Long Blades    | 3 4 |  4.2
Fighting       | |  2.0
Throwing       | |  1.7
Dodging        | |  2.6

Action                   || total
-------------------------++-------
Melee: Long sword        ||    64
  Eat: Chunk             ||     1
Armor: Leather armour    ||    44
Dodge: Dodged            ||    91
       Rpst.: Long sword ||    20
